 Dungeon Crawl Stone Soup version 0.28-a0-563-gf77a47075d (webtiles) character file.

Game seed: 8495119248687960733

19957 ezpacito the Envoy of Void (level 12, 0/101 HPs)
             Began as a Demonspawn Abyssal Knight on Sept 29, 2021.
             Was a High Priest of Lugonu.
             Shot with a bolt by a yaktaur (13 damage)
             ... on level 13 of the Dungeon on Sept 30, 2021.
             The game lasted 00:30:11 (19683 turns).

ezpacito the Envoy of Void (DsAK)                  Turns: 19683, Time: 00:30:12

Health: 0/101      AC: 18    Str: 20    XL:     12   Next: 41%
Magic:  22/22      EV: 13    Int: 18    God:    Lugonu [*****.]
Gold:   515        SH:  0    Dex: 13    Spells: 24/24 levels left

rFire   + + .      SeeInvis +   F - +8 hand axe of Inuc {protect, *Rage rElec rF+}
rCold   . . .      Faith    .   (no shield)
rNeg    . . .      Spirit   .   H - +1 ring mail "Tumymegu" {rF+ rCorr Slay+2}
rPois   +          Reflect  .   i - +2 hat
rElec   +          Harm     .   y - +2 cloak "Taastol" {Fly rPois Dex-5 SInv}
rCorr   +          Rampage  .   n - +1 pair of gloves
Will    .....      Rage     20% (boots unavailable)
Stlth   +.........              (no amulet)
HPRegen 0.26/turn               g - +6 ring of strength
MPRegen 0.18/turn               E - +6 ring of intelligence

@: mighty, flying
A: hooves 3, molten scales 2, powered by pain 1, demonic magic 1, robust 1
a: Renounce Religion, Depart the Abyss, Bend Space, Banish, Corrupt, Enter the
Abyss


You were on level 13 of the Dungeon.
You worshipped Lugonu.
Lugonu was extremely pleased with you.
You visited 3 branches of the dungeon, and saw 15 of its levels.
You visited the Abyss 1 time.
You also visited: Bailey.

You collected 747 gold pieces.
You spent 232 gold pieces at shops.

Inventory:

Hand Weapons
 r - a +2 whip of flaming
 t - a +3 hand axe of distortion
 v - a +0 battleaxe
 x - a +3 war axe
 F - the +8 hand axe of Inuc (weapon) {protect, *Rage rElec rF+}
   (You bought it in a shop on level 4 of the Dungeon)

   It grants its wielder temporary protection when it strikes (+7 to AC).
   rF:        It protects you from fire.
   rElec:     It insulates you from electricity.
   *Rage:     It berserks you when you make melee attacks (+20% chance).
Missiles
 d - 15 poisoned darts
 e - 474 stones
 k - 2 boomerangs of dispersal
 u - 77 boomerangs
 G - a throwing net
Armour
 i - a +2 hat (worn)
 m - the +3 pair of seven-league boots {Rampage+∞}
   (You acquired it in a bailey)

   Its wearer moves as far as possible in that direction when moving towards
   enemies.
 n - a +1 pair of gloves (worn)
 o - a +3 ring mail of willpower
 s - a +1 chain mail of cold resistance
 y - the +2 cloak "Taastol" (worn) {Fly rPois Dex-5 SInv}
   (You found it on level 7 of the Dungeon)

   Dex:       It affects your dexterity (-5).
   rPois:     It protects you from poison.
   SInv:      It lets you see invisible.
   Fly:       It grants you flight.
 H - the +1 ring mail "Tumymegu" (worn) {rF+ rCorr Slay+2}
   (You found it on level 10 of the Dungeon)

   Slay:      It affects your accuracy & damage with ranged weapons and melee
   (+2).
   rF:        It protects you from fire.
   rCorr:     It protects you from acid and corrosion.
Jewellery
 g - a +6 ring of strength (left hand)
 j - a ring of poison resistance
 E - a +6 ring of intelligence (right hand)
Wands
 c - a wand of polymorph (6)
 w - a wand of flame (30)
 A - a wand of paralysis (15)
 B - a wand of acid (3)
 D - a wand of digging (8)
Scrolls
 a - a scroll of magic mapping
 b - a scroll of blinking
 f - 4 scrolls of immolation
 C - 3 scrolls of identify
 I - a scroll of amnesia
Potions
 h - 3 potions of brilliance
 p - 2 potions of magic
 q - 3 potions of flight
 z - a potion of cancellation
Miscellaneous
 l - a box of beasts (inert)


   Skills:
 + Level 8.1 Fighting
 * Level 10.2 Axes
 + Level 7.1 Armour
 + Level 6.9 Dodging
 + Level 6.6 Spellcasting
 + Level 10.3 Invocations
 + Level 6.0 Evocations


You had 24 spell levels left.
You didn't know any spells.
Your spell library contained the following spells:

 Spells                   Type           Power      Damage    Failure   Level
 Animate Skeleton         Necr           12%        N/A       17%         1
 Apportation              Tloc           12%        N/A       17%         1
 Summon Small Mammal      Summ           24%        N/A       17%         1
 Stone Arrow              Conj/Erth      12%        3d7       45%         3
 Animate Armour           Summ/Erth      12%        N/A       86%         4
 Fireball                 Conj/Fire      3%         3d4       99%         5
 Iskenderun's Battlesphe  Conj           6%         2d6       99%         5
 Conjure Ball Lightning   Conj/Air       3%         3x3d6     100%        6
 Orb of Destruction       Conj           3%         9d1       100%        7
 Lehudib's Crystal Spear  Conj/Erth      3%         10d2      100%        8


Dungeon Overview and Level Annotations

Branches:
Dungeon (13/15)            Temple (1/1) D:5            Lair (0/6) D:9
    Orc (1/2) D:10         Bailey (visited)
 Vaults: D:13-14

Altars:
Ashenzari
Cheibriados
Dithmenos
Elyvilon
Fedhas
Gozag
Hepliaklqana
Kikubaaqudgha
Makhleb
Nemelex Xobeh
Okawaru
Qazlal
Ru
Sif Muna
Trog
Uskayaw
Vehumet
Wu Jian
Xom
Yredelemnul
Zin
The Shining One

Shops:
D:4 (   D:8 [

Annotations:
D:8 corrupted


Innate Abilities, Weirdness & Mutations

You have hooves in place of feet.
You are mostly covered in molten scales. (AC +3)
You sometimes gain a little power by taking damage.
Spells you cast may paralyse adjacent enemies.
You are robust. (+10% HP)


Message History

The yaktaur shoots a bolt.
The bolt hits you! The bolt burns you.
You start resting.
HP restored.
The yaktaur shouts!
The yaktaur shoots a bolt.
The bolt hits you!
You focus on the pain.
You feel very mighty all of a sudden. The bolt burns you.
There are monsters nearby!
The yaktaur shoots a bolt.
The bolt hits you! The bolt burns you.
There are monsters nearby!
The yaktaur shoots a bolt.
The bolt closely misses you.
There are monsters nearby!
There are monsters nearby!
The yaktaur shoots a bolt.
The bolt hits you!! The bolt burns you.
You are too injured to fight recklessly!
You are too injured to fight recklessly!
You are too injured to fight recklessly!
You are too injured to fight recklessly!
You are too injured to fight recklessly!
You are too injured to fight recklessly!
You are too injured to fight recklessly!
You are too injured to fight recklessly!
You are too injured to fight recklessly!
You are too injured to fight recklessly!
You are too injured to fight recklessly!
You are too injured to fight recklessly!
You are too injured to fight recklessly!
You are too injured to fight recklessly!
You are too injured to fight recklessly!
You are too injured to fight recklessly!
You are too injured to fight recklessly!
Okay, then.
The yaktaur shoots a bolt.
The bolt hits you!!
* * * LOW HITPOINT WARNING * * *
You focus on the pain.
You feel mightier all of a sudden. The bolt burns you.
* * * LOW HITPOINT WARNING * * *
The yaktaur shoots a bolt.
The bolt hits you!
You die...

#####..# #....≈≈# ##
#.#.≈≈≈#... #..≈≈≈≈p...
#..≈≈≈≈c... #..≈≈≈≈#
###############.≈≈≈≈#
..............#..≈≈≈#
..............@.....+
#####...#####$.....+
########...######.....+
#..........##...#..≈≈≈#
#..........# ...#.≈≈≈≈#
############
#..#.≈≈≈≈#####
#..#.≈≈≈≈....#
#..#.≈≈≈≈)...+
#..#).≈≈≈#...#


You could see a vault guard and a yaktaur.

Vanquished Creatures
  Erolcha (D:11)
  A vault guard (D:13)
  A hydra (D:11)
  A centaur warrior (D:8)
  4 two-headed ogres
  Pikel (D:6)
  2 cyclopes
  An ugly thing (D:8)
  A manticore (D:11)
  A centaur zombie (D:11)
  3 gargoyles
  Psyche (D:12)
  A komodo dragon (D:9)
  A troll (D:12)
  Sigmund (D:5)
  A shadow (D:12)
  4 yaks (D:10)
  4 wraiths
  A basilisk (D:13)
  A steam dragon (D:7)
  A warg (D:10)
  2 acid dragons (D:9)
  3 water moccasins
  2 sky beasts
  6 orc warriors
  3 ice beasts
  A necrophage (D:4)
  11 centaurs
  3 wolves (D:8)
  2 ogres
  4 lemures (D:6)
  A kobold brigand (D:8)
  A gnoll sergeant (D:10)
  A wyvern zombie (D:8)
  3 scorpions (D:5)
  10 killer bees (D:9)
  4 wights (D:6)
  2 howler monkeys
  7 orc priests
  2 jellies
  A bullfrog skeleton (D:4)
  A gnoll shaman (D:9)
  3 iguanas
  8 orc wizards
  A scorpion zombie (D:5)
  A killer bee zombie (D:7)
  2 howler monkey zombies
  Robin (D:4)
  22 gnolls
  3 adders
  A shadow imp (D:8)
  A white imp (D:6)
  5 dart slugs
  56 orcs
  3 ball pythons
  5 bats
  9 endoplasms
  5 giant cockroaches
  19 goblins
  19 hobgoblins
  3 jackals (D:4)
  5 quokkas
  7 frilled lizards
  34 kobolds
  3 rats
319 creatures vanquished.

Vanquished Creatures (collateral kills)
  A two-headed ogre (D:12)
  A howler monkey (D:12)
2 creatures vanquished.

Vanquished Creatures (others)
  Grum (D:8)
  A sky beast (D:8)
  A wolf (D:8)
  2 centaurs (D:8)
  4 plants (D:9)
9 creatures vanquished.

Grand Total: 330 creatures vanquished

Notes
Turn   | Place    | Note
-------+----------+-------------------------------------------
     0 | Abyss:1  | ezpacito the Demonspawn Abyssal Knight began the quest for
                  | the Orb.
     0 | Abyss:1  | Reached XP level 1. HP: 18/18 MP: 2/2
    99 | Abyss:1  | Noticed a wretched star
   118 | Abyss:1  | Noticed a large abomination
   127 | D:1      | Escaped the Abyss
   368 | D:1      | Reached skill level 1 in Dodging
   509 | D:1      | Gained mutation: Spells you cast may paralyse adjacent
                  | enemies. [demonic ancestry]
   509 | D:1      | Reached XP level 2. HP: 21/24 MP: 3/3
  1066 | D:1      | Found a faded altar of an unknown god.
  1086 | D:2      | Reached * piety under Lugonu
  1286 | D:2      | Reached XP level 3. HP: 15/29 MP: 5/5
  2422 | D:3      | Gained mutation: You are partially covered in molten
                  | scales. (AC +2) [demonic ancestry]
  2422 | D:3      | Reached XP level 4. HP: 32/35 MP: 6/6
  2610 | D:3      | Reached ** piety under Lugonu
  3970 | D:4      | Reached skill level 1 in Spellcasting
  4139 | D:4      | Found Lepra's Antique Weapon Shop.
  4365 | D:4      | Reached XP level 5. HP: 33/41 MP: 7/7
  4446 | D:4      | Noticed an ice beast
  4464 | D:4      | Killed an ice beast
  4776 | D:4      | Noticed a necrophage
  4792 | D:4      | Killed a necrophage
  4793 | D:4      | Gained mutation: You have large cloven feet. [demonic
                  | ancestry]
  4793 | D:4      | Reached XP level 6. HP: 41/48 MP: 8/8
  5231 | D:4      | Noticed Robin
  5245 | D:4      | Killed Robin
  5260 | D:4      | Reached *** piety under Lugonu
  5395 | D:5      | Entered Level 5 of the Dungeon
  5399 | D:5      | Noticed Sigmund
  5414 | D:5      | Killed Sigmund
  5415 | D:5      | Gained mutation: You have hoof-like feet. [demonic
                  | ancestry]
  5415 | D:5      | Reached XP level 7. HP: 34/54 MP: 10/10
  6345 | D:5      | Reached skill level 5 in Invocations
  6394 | D:5      | Found a staircase to the Ecumenical Temple.
  6397 | D:5      | Reached XP level 8. HP: 61/61 MP: 10/12
  6425 | Temple   | Entered the Ecumenical Temple
  6568 | D:5      | Reached skill level 5 in Axes
  7368 | D:6      | Found a shimmering altar of Xom.
  7407 | D:6      | Noticed Pikel
  7432 | D:6      | Killed Pikel
  7433 | D:6      | Reached skill level 5 in Fighting
  7641 | D:6      | Found an ornate altar of the Wu Jian Council.
  7641 | D:6      | Found a hazy altar of Hepliaklqana.
  7691 | D:6      | Found a snail-covered altar of Cheibriados.
  7731 | D:6      | Gained mutation: You are mostly covered in molten scales.
                  | (AC +3) [demonic ancestry]
  7731 | D:6      | Reached XP level 9. HP: 47/67 MP: 14/14
  8525 | D:7      | Identified the +2 cloak "Taastol" {Fly rPois Dex-5 SInv}
  8645 | D:7      | Found a flagged portal.
  8651 | Bailey   | Entered a bailey
  8706 | Bailey   | Reached skill level 1 in Evocations
  8751 | Bailey   | Reached **** piety under Lugonu
  9056 | Bailey   | Noticed an orc knight
  9116 | Bailey   | Banished an orc knight
  9131 | Bailey   | Acquired the +3 pair of seven-league boots {Rampage+∞}
  9131 | Bailey   | Found the +3 pair of seven-league boots {Rampage+∞}
  9163 | Bailey   | Gained mutation: You are agile. (Dex +2) [potion of
                  | mutation]
  9163 | Bailey   | Gained mutation: Your system is resistant to poisons.
                  | (rPois) [potion of mutation]
 10209 | D:8      | Noticed Grum
 10223 | D:8      | Reached skill level 5 in Armour
 10229 | D:8      | Corrupted D:8
 10230 | D:8      | Noticed a thrashing horror
 10232 | D:8      | Noticed an efreet
 10232 | D:8      | Killed Grum
 10234 | D:8      | Noticed a cacodemon
 10537 | D:8      | Noticed a centaur warrior
 10553 | D:8      | Reached XP level 10. HP: 76/76 MP: 16/16
 10577 | D:8      | Noticed a cyan ugly thing
 10578 | D:8      | Found Edduvops's Antique Armour Shoppe.
 10591 | D:8      | Killed a centaur warrior
 10614 | D:8      | Reached skill level 5 in Dodging
 11030 | D:8      | Killed a cyan ugly thing
 11164 | D:8      | Found a sacrificial altar of Ru.
 11462 | D:8      | Reached skill level 5 in Spellcasting
 11978 | D:9      | Found a staircase to the Lair.
 13707 | D:10     | Entered Level 10 of the Dungeon
 13823 | D:10     | Noticed a two-headed ogre
 13833 | D:10     | Killed a two-headed ogre
 13834 | D:10     | Gained mutation: You sometimes gain a little power by
                  | taking damage. [demonic ancestry]
 13834 | D:10     | Reached XP level 11. HP: 76/83 MP: 19/19
 13883 | D:10     | Noticed a soul eater
 13952 | D:10     | Noticed a two-headed ogre
 13968 | D:10     | Banished a two-headed ogre
 14279 | D:10     | Reached ***** piety under Lugonu
 14312 | D:10     | Noticed a two-headed ogre
 14332 | D:10     | Killed a two-headed ogre
 14901 | D:10     | Identified the +1 ring mail "Tumymegu" {rF+ rCorr Slay+2}
 15062 | D:10     | Found a staircase to the Orcish Mines.
 15107 | D:10     | Found an opulent altar of Gozag.
 15636 | D:11     | Reached skill level 5 in Evocations
 15865 | D:11     | Noticed Erolcha
 15875 | D:11     | Killed Erolcha
 16155 | D:11     | Noticed a four-headed hydra
 16161 | D:11     | Killed a five-headed hydra
 16347 | D:11     | Gained mutation: You have hooves in place of feet. [demonic
                  | ancestry]
 16347 | D:11     | Reached XP level 12. HP: 60/92 MP: 21/21
 16347 | D:11     | Lost mutation: Your system is resistant to poisons. (rPois)
                  | [potion of mutation]
 16347 | D:11     | Lost mutation: You are agile. (Dex +2) [potion of mutation]
 16347 | D:11     | Gained mutation: You are robust. (+10% HP) [potion of
                  | mutation]
 16854 | D:12     | Found an ornate altar of the Wu Jian Council.
 16856 | D:12     | Found a shimmering altar of Xom.
 16858 | D:12     | Found a broken altar of Ashenzari.
 16858 | D:12     | Found an opulent altar of Gozag.
 16980 | D:12     | Noticed a two-headed ogre
 16980 | D:12     | Noticed a two-headed ogre
 16984 | D:12     | Noticed Psyche
 16987 | D:12     | Noticed a two-headed ogre
 16993 | D:12     | Killed a two-headed ogre
 16994 | D:12     | Reached skill level 10 in Invocations
 17001 | D:12     | Killed Psyche
 17004 | D:12     | Killed a two-headed ogre
 17005 | D:12     | Killed a two-headed ogre
 17006 | D:12     | Reached skill level 10 in Axes
 18051 | D:13     | Noticed a vault guard
 18257 | Orc:1    | Entered Level 1 of the Orcish Mines
 18313 | Orc:1    | Noticed an ettin
 18993 | D:4      | Bought a crude hand axe for 232 gold pieces
 18993 | D:4      | Identified the +8 hand axe of Inuc {protect, *Rage rElec
                  | rF+} (You bought it in a shop on level 4 of the Dungeon)
 19276 | D:13     | Killed a vault guard
 19436 | D:13     | Noticed a vault guard
 19683 | D:13     | Shot with a bolt by a yaktaur

Illustrated notes

Levels and vault maps discovered:
D:1:      wander_arrival_lonely_grave, layout_basic,
          shapermc_ecumenical_altar_mp_vishouse, minmay_crystal_room
D:2:      layout_basic, st_stairs_13
D:3:      layout_basic, lemuel_flame_loot_1
D:4:      kennysheep_goblin_castle, layout_loops_ring, serial_shops,
          nicolae_shop_statue_plus, amcnicky_mini_rare_corridor_liquid,
          hangedman_minor_gate_pass
D:5:      layout_basic, tso_altar, minmay_temple_entry_ruins, enter_ossuary_1,
          minmay_curled_crystal, solitary_fountain, minmay_misc_feat_diagonals,
          uniq_sigmund
D:6:      layout_basic, mainiacjoe_overflow_24_doors, kennysheep_mini,
          gammafunk_temple_overflow_wave, uniq_pikel
D:7:      layout_loops_ring, enter_bailey_1
D:8:      layout_basic, nicolae_ru_sacrificial_ziggurat, serial_shops,
          shop_fountains, nicolae_wwwww, grunt_ministairs_2,
          minmay_diamond_spiral, uniq_grum
D:9:      layout_stronghold, david_lair_shrubbed
D:10:     layout_grid_maze, nicolae_gozag_cash_rules_everything_around_me,
          hiddenorc1_lemuel
D:11:     layout_rooms, uniq_erolcha
D:12:     layout_stronghold, doesnt_xom_only_xom, uniq_psyche
D:13:     layout_stronghold, grunt_vaults_entry_fortified
Temple:   regret_index_temple_waves
Orc:1:    layout_caves, serial_shops, shop_statue, nicolae_orc_lost_temple

Skill      XL: |  1  2  3  4  5  6  7  8  9 10 11 12 |
---------------+-------------------------------------+-----
Axes           | 2 3 4 6 7 8 9 10 | 10.2
Dodging        | 1 2 3 4 5 6 |  6.9
Armour         | 2 3 4 5 6 7 |  7.1
Invocations    | 3 4 5 6 7 8 9 10 | 10.3
Spellcasting   | 1 2 3 4 5 6 |  6.6
Fighting       | 4 5 6 7 8 |  8.1
Evocations     | 2 4 5 6 |  6.0

Action                   |  1- 3 |  4- 6 |  7- 9 | 10-12 || total
-------------------------+-------+-------+-------+-------++-------
Melee: Hand axe          |   123 |   151 |   292 |   455 ||  1021
       Kick              |       |       |       |    11 ||    11
Invok: Depart the Abyss  |     1 |       |       |       ||     1
       Corrupt           |       |       |     1 |       ||     1
Evoke: Wand              |       |     2 |     4 |    20 ||    26
       Box of beasts     |       |       |       |     1 ||     1
  Use: Potion            |     1 |     1 |    10 |     7 ||    19
       Scroll            |       |     7 |    10 |     4 ||    21
 Stab: Sleeping          |       |     1 |       |       ||     1
       Invisible         |       |     1 |       |       ||     1
Armor: Leather armour    |    30 |    69 |    35 |       ||   134
       Chain mail        |    13 |       |   167 |    41 ||   221
       Ring mail         |       |       |       |   187 ||   187
Dodge: Dodged            |    70 |    96 |   194 |   269 ||   629

Table legend: (Time is in decaauts)
 A = Elapsed time spent in this place.
 B = Non-inter-level travel time spent in this place.
 C = Inter-level travel time spent in this place.
 D = Time resting spent in this place.
 E = Time spent auto-exploring this place.
 F = Levels seen in this place.
 G = Mean time per level.
                   A        B        C        D        E       F      G
               +--------+--------+--------+--------+--------+-----+--------+
         Total |  19674 |  18530 |   1144 |   3260 |  12782 |  17 | 1157.3 |
       Dungeon |  18589 |  17503 |   1086 |   3160 |  12112 |  13 | 1429.9 |
        Temple |    133 |     77 |     56 |      0 |     61 |   1 |  133.0 |
  Orcish Mines |     83 |     83 |      0 |      0 |     38 |   1 |   83.0 |
         Abyss |    127 |    127 |      0 |      0 |     99 |   1 |  127.0 |
        Bailey |    742 |    742 |      0 |    100 |    472 |   1 |  742.0 |
               +--------+--------+--------+--------+--------+-----+--------+

Top non-repeatable levels by time:
     D:9: 2118 daAuts
     D:3: 1835 daAuts
    D:10: 1728 daAuts
    D:11: 1708 daAuts
     D:4: 1659 daAuts
    D:12: 1521 daAuts
     D:5: 1496 daAuts
     D:8: 1305 daAuts
     D:7: 1304 daAuts
     D:6: 1297 daAuts
     D:2: 1022 daAuts
     D:1: 962 daAuts
  Bailey: 742 daAuts
    D:13: 628 daAuts
  Temple: 133 daAuts
